Unix NetHack Version 5.0.0-0 post-release - last build Jun 10 2026 00:39:30 (3ee93aec679c4c4259841fe613dc97188e26a321,branch:main).

Game began 2026-06-26 17:53:18, ended 2026-06-26 18:02:35.

Eisengrim, chaotic male elven Wizard

          ----------------
          |)....^........|
          |_.....^...f@@r-#
          --------.-.-----
                    #
                    #
                    #
                    ###
                     -|---      ---------
                     |...|      |.......|
                     |...|      |..<.....
                     |....##    |.......|
                     |...| #####.........
                     -----      |.......|
                                |........
                                ---------

Eisengrim the Conjurer    St:10 Dx:12 Co:12 In:20 Wi:9 Ch:10  Chaotic
Dlvl:4  $:58 HP:0(25) Pw:29(34) AC:9  Xp:3 T:856  Burdened

Latest messages:
 You have a little trouble lifting F - a cursed elven dagger.
 What do you want to drop? [$a-zA-F or ?*]
 You drop a cursed elven dagger.
 You swap places with your kitten.
 You see here a blue gem.
 You see here 19 gold pieces.
 You have a little trouble lifting $ - 19 gold pieces (58 in total).
 You see here a blue gem.
 You have a little trouble lifting G - a blue gem.
 The kitten bites it.
 It misses the kitten.
 The kitten misses the wererat.
 The kitten misses the wererat.
 The kitten misses the wererat.
 The kitten misses the wererat.
 The kitten misses the wererat.
 The kitten misses the wererat.
 The wererat bites!
 The kitten bites the wererat.
 The wererat misses the kitten.
 You miss the wererat.
 The wererat bites!
 The kitten misses the wererat.
 The wererat summons help!
 A giant rat suddenly appears next to you!
 The wererat bites!
 The kitten bites the wererat.
 The wererat misses the kitten.
 You miss the wererat.
 The wererat bites!
 You feel feverish.
 The kitten misses the wererat.
 The wererat changes into a human.
 You miss the wererat.
 The giant rat bites!
 The wererat hits!
 The kitten misses the wererat.
 In what direction?
 The spell hits the giant rat!
 You kill the giant rat!
 The wererat summons help!
 A sewer rat suddenly appears next to you!
 The wererat hits!
 The kitten bites the wererat.
 The wererat hits the kitten.
 The sewer rat bites!
 The wererat hits!
 You die...
 Do you want your possessions identified? [ynq] (y)
 Do you want to see your attributes? [ynq] (y)

Inventory:
 Coins    ('$')
  $ - 58 gold pieces
 Weapons  (')')
  a - a blessed +1 quarterstaff (weapon in hands)
 Armor    ('[')
  b - a blessed +0 cloak of magic resistance (being worn)
 Comestibles  ('%')
  z - 2 cursed cram rations
  D - an uncursed food ration
  t - an uncursed lichen corpse
 Scrolls  ('?')
  i - an uncursed scroll of destroy armor
  A - a blessed scroll of enchant weapon
  h - an uncursed scroll of enchant weapon
  j - an uncursed scroll of light
 Spellbooks  ('+')
  l - an uncursed spellbook of extra healing
  k - a blessed spellbook of force bolt
  o - an uncursed spellbook of force bolt
  p - an uncursed spellbook of magic missile
 Potions  ('!')
  B - an uncursed potion of booze
  C - a cursed potion of booze
  g - 4 uncursed potions of healing
  s - an uncursed potion of levitation
  E - an uncursed potion of speed
  f - 3 uncursed potions of water
 Rings    ('=')
  u - an uncursed ring of cold resistance
  d - an uncursed ring of free action
  q - a blessed +1 ring of protection
  e - an uncursed ring of searching
 Wands    ('/')
  c - a wand of opening (0:2)
 Tools    ('(')
  n - an uncursed bugle
  m - a magic marker (0:20)
  r - an uncursed oil lamp
  y - an uncursed skeleton key
 Gems/Stones  ('*')
  G - an uncursed worthless piece of blue glass
  v - 2 uncursed worthless pieces of violet glass
  w - an uncursed worthless piece of yellow glass
  x - an uncursed worthless piece of yellowish brown glass

Eisengrim the Wizard's attributes:

Background:
 You were a Conjurer, a level 3 male elven Wizard.
 You were chaotic, on a mission for Anhur
 who was opposed by Ptah (lawful) and Thoth (neutral).
 You were right-handed.
 You were in the Dungeons of Doom, on level 4.
 You entered the dungeon 856 turns ago.
 You had 56 experience points, 24 more were needed to attain level 4.

Basics:
 You had 0 out of 25 hit points.
 You had 29 out of 34 energy points (spell power).
 Your armor class was 9.
 Your wallet contained 58 zorkmids.
 Autopickup was off.

Final Characteristics:
 Your strength was 10 (limit:18).
 Your dexterity was 12 (limit:18).
 Your constitution was 12 (limit:16).
 Your intelligence was 20 (limit:20).
 Your wisdom was 9 (limit:20).
 Your charisma was 10 (limit:18).

Final Status:
 You weren't hungry.
 You were burdened; movement was slightly slowed.
 You were wielding a quarterstaff.
 You had basic skill with quarterstaff.

Final Attributes:
 You were devoutly aligned.
 You were magic-protected.
 You were level-drain resistant.
 You had infravision.
 You were warded.
 You were a wererat.
 You were harmed by silver.
 You are dead.

Miscellaneous:
 You didn't encounter any bones levels.
 Total elapsed playing time was 9 minutes and 16 seconds.

Major events:
 Turn
    1: Eisengrim the chaotic male elven Wizard entered the dungeon
  700: attained the rank of Conjurer (level 3)
  856: killed by a wererat

Spells:
 Name                 Level Category     Fail Retention
 force bolt             1   attack         0%  91%-100%
 extra healing          3   healing       63%  76%-100%
 magic missile          2   attack         0%  91%-100%

Skills:
 Fighting Skills
   bare handed combat [Unskilled]
   riding             [Unskilled]
 Weapon Skills
   dagger             [Unskilled]
   knife              [Unskilled]
   axe                [Unskilled]
   short sword        [Unskilled]
   club               [Unskilled]
   mace               [Unskilled]
   quarterstaff       [Basic]
   polearms           [Unskilled]
   spear              [Unskilled]
   trident            [Unskilled]
   sling              [Unskilled]
   dart               [Unskilled]
   shuriken           [Unskilled]
 Spellcasting Skills
   attack spells      [Basic]
   healing spells     [Unskilled]
   divination spells  [Unskilled]
   enchantment spells [Basic]
   clerical spells    [Unskilled]
   escape spells      [Unskilled]
   matter spells      [Unskilled]

Voluntary challenges:
 Character rerolling was not enabled.
 You never genocided any monsters.
 You never polymorphed an object.
 You never changed form.
 You used no wishes.
Achievements:
 You entered a shop.
 You attained the rank of Conjurer.

 The Dungeons of Doom: levels 1 to 4
    Level 1:
       An altar.
    Level 2:
       Some fountains.
    Level 3:
       A general store, a sink.
    Level 4: <- You were here.
       An altar.
       Final resting place for
          you, killed by a wererat.


Vanquished creatures:
  a dwarf zombie
  a gas spore
  2 hobbits
  a large kobold
  a giant rat
  a red mold
  2 gnome zombies
  a gecko
  a fox
  2 sewer rats
  4 grid bugs
  3 lichens
  4 newts
24 creatures vanquished.

No species were genocided or became extinct.

Game over:
                       ----------
                      /          \
                     /    REST    \
                    /      IN      \
                   /     PEACE      \
                  /                  \
                  |    Eisengrim     |
                  |      58 Au       |
                  |   killed by a    |
                  |     wererat      |
                  |                  |
                  |                  |
                  |       2026       |
                 *|     *  *  *      | *
        _________)/\\_//(\/(/\)/\//\/|_)_______

Goodbye Eisengrim the Wizard...

You died in The Dungeons of Doom on dungeon level 4 with 427 points,
and 58 pieces of gold, after 856 moves.
You were level 3 with a maximum of 25 hit points when you died.

